 Dungeon Crawl Stone Soup version 0.17.1-3-g152610e (webtiles) character file.

1656 Gargoyl the Covered (level 8, 0/64 HPs)
             Began as a Demonspawn Abyssal Knight on Apr 27, 2016.
             Was a Priest of Lugonu.
             Slain by a killer bee (7 damage)
             ... on level 7 of the Dungeon.
             The game lasted 00:17:46 (6318 turns).

Gargoyl the Covered (Demonspawn Abyssal Knight)     Turns: 6318, Time: 00:17:46

Health: 0/64       AC: 19    Str: 14    XL:     8   Next: 68%
Magic:  0/12       EV:  5    Int: 14    God:    Lugonu [***...]
Gold:   210        SH:  8    Dex: 13    Spells: 0 memorised, 13 levels left

rFire  . . .     SeeInvis .     s - +2 war axe (freeze)
rCold  . . .     Clarity  .     v - +0 chain mail
rNeg   + . .     SustAt   .     q - +0 shield
rPois  +         Gourm    .     n - +0 helmet
rElec  .         Spirit   +     A - +2 cloak
rCorr  .         Warding  +     b - +1 pair of gloves
rMut   .         Stasis   .     (no boots)
MR     .....                    t - amulet of warding
Stlth  ..........               w - ring of poison resistance
                                d - ring of wizardry

@: not resistant to hostile enchantments, extremely unstealthy
A: claws 2, thin metallic scales 1, screaming 1, magic shield
a: Depart the Abyss, Bend Space, Banish, Renounce Religion


You were on level 7 of the Dungeon.
You worshipped Lugonu.
Lugonu was most pleased with you.
You were not hungry.

You visited 1 branch of the dungeon, and saw 7 of its levels.
You visited the Abyss 1 time.

You collected 322 gold pieces.
You spent 112 gold pieces at shops.

Inventory:

Hand Weapons
 p - a +0 flail
 s - a +2 war axe of freezing (weapon)
 G - a +0 broad axe
Armour
 b - a +1 pair of gloves (worn)
 n - a +0 helmet (worn)
 q - a +0 shield (worn)
 v - a +0 chain mail (worn)
 A - a +2 cloak (worn)
Jewellery
 d - a ring of wizardry (left hand)
 f - an uncursed amulet of resist corrosion
 t - an amulet of warding (around neck)
 w - a ring of poison resistance (right hand)
Wands
 g - a wand of paralysis (7)
 j - a wand of fire (6)
 C - a wand of polymorph (4)
Scrolls
 e - a scroll of recharging
 k - a scroll of blinking
 r - 2 scrolls of remove curse
 u - 4 scrolls of teleportation
 x - a scroll of enchant weapon
 y - 3 scrolls of identify
 F - a scroll of holy word {unknown}
 J - a scroll of magic mapping {unknown}
Potions
 o - 2 potions of flight
 z - 2 potions of brilliance
 D - a potion of might
 E - a potion of poison {unknown}
 H - a potion of resistance {unknown}
 I - a potion of magic {unknown}
Comestibles
 c - 7 bread rations
 i - a slice of pizza
 l - a beef jerky
 m - 2 meat rations
 B - a royal jelly


   Skills:
 + Level 5.7 Fighting
 + Level 4.8 Axes
 + Level 2.9 Throwing
 * Level 7.2 Armour
 + Level 4.1 Dodging
 + Level 3.2 Stealth
 + Level 2.3 Shields
 + Level 2.9 Unarmed Combat
 + Level 3.0 Spellcasting
 + Level 5.5 Invocations


You had 13 spell levels left.
You didn't know any spells.

Dungeon Overview and Level Annotations

Branches:
Dungeon (7/15)             Temple (0/1) D:5

Altars:
Fedhas
Nemelex Xobeh
Okawaru
Ru
Trog

Shops:
D:6 (


Innate Abilities, Weirdness & Mutations

You have very sharp fingernails.
You are partially covered in thin metallic scales (AC +2).
When hurt, damage is shared between your health and your magic reserves.
You occasionally shout uncontrollably at your foes.


Message History

You barely miss the killer bee. You block the killer bee's attack.
You block the killer bee's attack.
The killer bee stings you but does no damage. x3
The killer bee stings you!
* * * LOW HITPOINT WARNING * * *
Drink which item? (? for menu, Esc to quit)
You feel better. You block the killer bee's attack.
The killer bee barely misses you. The killer bee stings you!
* * * LOW HITPOINT WARNING * * *
The killer bee stings you but does no damage. x2
You block the killer bee's attack. The sky beast completely misses you.
Your shield and chain mail prevent you from hitting the killer bee.
The killer bee is almost dead.
You closely miss the killer bee.
The killer bee is almost dead.
You slash the sky beast! You freeze the sky beast.
The sky beast is severely wounded.
Your shield and chain mail prevent you from hitting the killer bee.
You block the killer bee's attack. The killer bee stings you!
You die...

##+#... .......
....[.. .......
....... .......
.......#######.#
......y@y......#
......Y.y.......
#######.........
#.$.......
#.........
#.........
#.......>.
..........


You could see a sky beast and 3 killer bees.

Vanquished Creatures
  Grinder (D:6)
  A wyvern (D:5)
  A water moccasin (D:6)
  2 phantoms
  A centaur (D:6)
  3 giant frogs
  A water moccasin skeleton (D:6)
  3 killer bees (D:6)
  A giant frog zombie (D:6)
  2 crimson imps
  2 giant frog skeletons
  The ghost of Kiel97 the Grave Robber, a weakling FeNe (D:3)
  2 jellies
  A worker ant (D:4)
  An orc wizard (D:4)
  2 worker ant zombies (D:5)
  A hound skeleton (D:6)
  3 gnolls
  4 adders
  An ooze (D:1)
  An adder zombie (D:7)
  6 worms
  6 giant geckos
  4 orcs
  2 ball pythons
  10 bats
  7 giant cockroaches
  5 goblins
  8 hobgoblins
  9 jackals
  10 kobolds
  A quokka (D:2)
  6 giant newts
  3 quokka skeletons
  9 rats
121 creatures vanquished.

Notes
Turn   | Place    | Note
--------------------------------------------------------------
     0 | Abyss:1  | Gargoyl the Demonspawn Abyssal Knight began the quest for the Orb.
     0 | Abyss:1  | Reached XP level 1. HP: 18/18 MP: 2/2
     0 | Abyss:1  | Found a corrupted altar of Lugonu.
    51 | Abyss:1  | Noticed a starcursed mass
    51 | D:1      | Escaped the Abyss
   100 | D:1      | Reached * piety under Lugonu
   121 | D:1      | Gained mutation: You are partially covered in thin metallic scales (AC +2). [demonic ancestry]
   121 | D:1      | Reached XP level 2. HP: 12/24 MP: 3/3
   393 | D:1      | Reached skill level 1 in Dodging
   818 | D:1      | Gained mutation: You have sharp fingernails. [demonic ancestry]
   818 | D:1      | Reached XP level 3. HP: 29/29 MP: 5/5
  1019 | D:2      | Found a sparkling altar of Nemelex Xobeh.
  1357 | D:2      | Reached ** piety under Lugonu
  1407 | D:2      | Reached XP level 4. HP: 32/35 MP: 6/6
  1764 | D:3      | Found a sacrificial altar of Ru.
  1824 | D:3      | HP: 1/35 [poisoned by an adder]
  2328 | D:3      | Noticed Kiel97's ghost (weakling FeNe)
  2350 | D:3      | Reached skill level 5 in Fighting
  2350 | D:3      | Reached skill level 5 in Armour
  2350 | D:3      | Reached skill level 5 in Invocations
  2350 | D:3      | Reached XP level 5. HP: 27/44 MP: 6/9
  2376 | D:3      | Killed Kiel97's ghost
  3099 | D:5      | Entered Level 5 of the Dungeon
  3198 | D:5      | Found a bloodstained altar of Trog.
  3319 | D:4      | Noticed a phantom
  3541 | D:4      | Found an iron altar of Okawaru.
  3580 | D:4      | Killed a phantom
  3580 | D:4      | Gained mutation: When hurt, damage is shared between your health and your magic reserves. [demonic ancestry]
  3580 | D:4      | Reached XP level 6. HP: 17/51 MP: 10/10
  3943 | D:4      | Reached *** piety under Lugonu
  4681 | D:5      | Found a staircase to the Ecumenical Temple.
  4935 | D:5      | Reached XP level 7. HP: 56/56 MP: 11/11
  4940 | D:5      | Noticed a wyvern
  4950 | D:5      | Killed a wyvern
  4950 | D:5      | Reached skill level 6 in Armour
  4950 | D:5      | Reached skill level 1 in Shields
  5109 | D:5      | Found a blossoming altar of Fedhas.
  5158 | D:6      | Noticed Grinder
  5166 | D:6      | Paralysed by Grinder for 4 turns
  5173 | D:6      | Killed Grinder
  5432 | D:6      | Gained mutation: You have very sharp fingernails. [demonic ancestry]
  5432 | D:6      | Reached XP level 8. HP: 56/63 MP: 10/12
  5569 | D:6      | Found Ysucsac's Antique Weapon Emporium.
  5576 | D:6      | Bought a broad axe for 112 gold pieces
  5821 | D:6      | Noticed a centaur
  5833 | D:6      | Killed a centaur
  5871 | D:6      | Reached skill level 7 in Armour
  6315 | D:7      | Gained mutation: Your spells are a little easier to cast, but a little less powerful. [potion of mutation]
  6315 | D:7      | Gained mutation: You occasionally shout uncontrollably at your foes. [potion of mutation]
  6315 | D:7      | Lost mutation: Your spells are a little easier to cast, but a little less powerful. [potion of mutation]
  6316 | D:7      | HP: 3/64 [killer bee (6)]
  6318 | D:7      | Slain by a killer bee

Action                   |  1- 3 |  4- 6 |  7- 9 || total
-------------------------+-------+-------+-------++-------
Melee: Hand axe          |   180 |   100 |       ||   280
       War axe           |       |   151 |   133 ||   284
Invok: Depart the Abyss  |     1 |       |       ||     1
       Bend Space        |       |     1 |       ||     1
  Use: Scroll            |     5 |     9 |       ||    14
       Potion            |       |     6 |     4 ||    10
  Eat: Chunk             |     2 |     4 |     2 ||     8
       Fruit             |       |     8 |     5 ||    13
